 Dungeon Crawl Stone Soup version 0.28-a0-439-g4cf4cd4993 (webtiles) character file.

Game seed: 14520233054019441708

2425 Conn the Thaumaturge (level 9, 0/47 HPs)
             Began as a Deep Elf Fire Elementalist on Sept 11, 2021.
             Was a Believer of Sif Muna.
             Killed from afar by a centaur (1 damage)
             ... with a puff of flame
             ... on level 7 of the Dungeon.
             The game lasted 00:15:01 (7661 turns).

Conn the Thaumaturge (Deep Elf Fire Elementalist)   Turns: 7661, Time: 00:15:01

Health: 0/47       AC:  8    Str:  5    XL:     9   Next: 24%
Magic:  1/23       EV: 12    Int: 24    God:    Sif Muna [**....]
Gold:   149        SH:  0    Dex: 15    Spells: 8/24 levels left

rFire   . . .      SeeInvis .   q - +0 spear (vorpal)
rCold   + . .      Faith    .   (no shield)
rNeg    . . .      Spirit   .   s - +2 leather armour {rPois}
rPois   +          Reflect  .   (helmet restricted)
rElec   .          Harm     .   (no cloak)
rCorr   +          Rampage  .   (no gloves)
Will    .....                   o - +0 pair of boots
Stlth   +++.......              (no amulet)
HPRegen 0.15/turn               f - ring of resist corrosion
MPRegen 0.18/turn               (no ring)

@: hasted, very quick
A: horns 1, iridescent scales 1, cold resistance 1, devolution 1
a: Renounce Religion, Channel Magic


You were on level 7 of the Dungeon.
You worshipped Sif Muna.
Sif Muna was pleased with you.
You visited 2 branches of the dungeon, and saw 8 of its levels.

You collected 239 gold pieces.
You spent 90 gold pieces at shops.

Inventory:

Hand Weapons
 c - a +0 dagger
 q - a +0 vorpal spear (weapon)
Missiles
 e - 7 atropa-tipped darts
 p - a throwing net
Armour
 a - a +0 robe
 o - a +0 pair of boots (worn)
 s - a +2 leather armour of poison resistance (worn)
Magical Staves
 v - a staff of cold
Jewellery
 f - a ring of resist corrosion (left hand)
Scrolls
 b - a scroll of enchant armour {unknown}
 d - a scroll of acquirement {unknown}
 g - 7 scrolls of identify {unknown}
 h - a scroll of summoning {unknown}
 i - a scroll of fear {unknown}
 j - a scroll of magic mapping {unknown}
 r - a scroll of holy word {unknown}
 t - a scroll of noise {unknown}
 u - a scroll of teleportation {unknown}
Potions
 k - a potion of mutation
 l - a potion of cancellation {unknown}
 m - a potion of heal wounds {unknown}
 n - 2 potions of might {unknown}
 w - a potion of haste


   Skills:
 + Level 1.0 Fighting
 + Level 1.7 Short Blades
 + Level 1.3 Armour
 + Level 4.0 Dodging
 + Level 5.0 Stealth
 + Level 8.2 Spellcasting
 + Level 5.0 Conjurations
 + Level 1.2 Hexes
 * Level 7.9 Fire Magic
 * Level 3.3 Earth Magic
 * Level 3.8 Invocations


You had 8 spell levels left.
You knew the following spells:

 Your Spells              Type           Power      Damage    Failure   Level
a - Foxfire               Conj/Fire      100%       2x1d9     1%          1
b - Conjure Flame         Conj/Fire      41%        6-21      2%          3
c - Inner Flame           Hex/Fire       32%        N/A       4%          3
d - Flame Wave            Conj/Fire      41%        3d8       7%          4
e - Scorch                Fire           96%        2d10      1%          2
f - Stone Arrow           Conj/Erth      58%        3d10      5%          3

Your spell library contained the following spells:

 Spells                   Type           Power      Damage    Failure   Level
 Animate Armour           Summ/Erth      34%        N/A       45%         4
 Lehudib's Crystal Spear  Conj/Erth      14%        10d5      100%        8


Dungeon Overview and Level Annotations

Branches:
Dungeon (7/15)             Temple (1/1) D:4

Altars:
Dithmenos
Gozag
Kikubaaqudgha
Nemelex Xobeh
Sif Muna
Trog
Uskayaw
Xom

Shops:
D:3 ?


Innate Abilities, Weirdness & Mutations

You have a pair of small horns on your head.
You are partially covered in iridescent scales. (AC +2)
Your flesh is cold resistant. (rC+)
You have hidden genetic defects.


Message History

A wave of flame ripples out!
The flame wave engulfs the bullfrog!!
You kill the bullfrog!
Sif Muna accepts your kill.
You finish channelling waves of flame.
You feel sick.
Your Armour skill increases to level 1!
Unknown command.
You feel sick.
You feel sick.
You are no longer poisoned.
A centaur comes into view. It is carrying a wand of flame (14).
The centaur shouts!
The centaur wields a +0 shortbow.
The centaur shoots an arrow.
The arrow closely misses you.
The centaur zaps a wand.
The puff of flame hits you!
* * * LOW HITPOINT WARNING * * *
Your magical contamination has completely faded away.
Okay, then.
Okay, then.
Unknown command.
Unknown command.
Casting: Flame Wave (dangerous; 7% risk of failure)
Confirm with . or Enter, or press ? or * to list all spells.
Okay, then.
It was a potion of mutation.
You feel extremely strange. A pair of horns grows on your head!
You feel a hidden malignance growing inside you.
Iridescent scales grow over part of your body.
You feel resistant to cold.
The centaur zaps a wand.
The puff of flame hits you.
* * * LOW HITPOINT WARNING * * *
Unknown command.
Unknown command.
Unknown command.
Unknown command.
Casting: Flame Wave (dangerous; 7% risk of failure)
Confirm with . or Enter, or press ? or * to list all spells.
Okay, then.
It was a potion of haste.
You feel yourself speed up.
The centaur zaps a wand.
The puff of flame hits you.
You die...

#.#.##.....<##
..#)##.###...#..
##.#.#.......... #
..#.....##.... ###
##.#.###.......
..###..#.# ###..#
#...###†.# #.c#######
###......######.........
................@##
####.....#########
#######


You could see a centaur.

Vanquished Creatures
  Eustachio (D:6)
  The ghost of paps the Cudgeller, an amateur DsGl (D:4)
  2 water moccasins (D:7)
  A black bear (D:5)
  An ice beast (D:6)
  2 sky beasts
  2 necrophages
  4 ogres
  A centaur (D:6)
  A kobold brigand (D:6)
  A bullfrog (D:7)
  A wyvern zombie (D:6)
  A scorpion (D:6)
  2 water moccasin skeletons
  A bullfrog zombie (D:7)
  An orc priest (D:4)
  2 bullfrog skeletons
  A centaur skeleton (D:6)
  2 jellies
  3 iguanas
  2 orc wizards
  Terence (D:2)
  2 howler monkey zombies
  8 gnolls
  2 howler monkey skeletons
  5 adders
  2 shadow imps
  2 white imps
  An ufetubus (D:5)
  5 worms
  7 orcs
  8 ball pythons
  4 endoplasms
  4 giant cockroaches
  4 goblins
  4 hobgoblins
  3 quokkas
  5 bats
  7 frilled lizards
  A jackal skeleton (D:4)
  11 kobolds
  3 rats
122 creatures vanquished.

Vanquished Creatures (collateral kills)
  4 foxfires (D:2)
4 creatures vanquished.

Vanquished Creatures (others)
  515 foxfires
515 creatures vanquished.

Grand Total: 641 creatures vanquished

Notes
Turn   | Place    | Note
-------+----------+-------------------------------------------
     0 | D:1      | Conn the Deep Elf Fire Elementalist began the quest for the
                  | Orb.
     0 | D:1      | Reached XP level 1. HP: 10/10 MP: 6/6
   204 | D:1      | Reached XP level 2. HP: 15/15 MP: 5/8
   505 | D:1      | Found a faded altar of an unknown god.
   752 | D:2      | Reached XP level 3. HP: 15/19 MP: 7/10
   858 | D:2      | Found a shadowy altar of Dithmenos.
  1057 | D:2      | Noticed Terence
  1065 | D:2      | Killed Terence
  1066 | D:2      | Reached skill level 4 in Spellcasting
  1066 | D:2      | Reached XP level 4. HP: 24/24 MP: 3/12
  1854 | D:3      | Found Azxen's Magic Scroll Boutique.
  1862 | D:3      | Bought a scroll of blinking for 90 gold pieces
  2933 | D:4      | Reached XP level 5. HP: 28/28 MP: 8/13
  2941 | D:4      | Noticed an ogre
  2965 | D:4      | Killed an ogre
  2967 | D:4      | Reached skill level 5 in Spellcasting
  3146 | D:4      | Reached XP level 6. HP: 14/32 MP: 6/15
  3335 | D:4      | Found a runed translucent door.
  3337 | D:4      | Noticed paps's ghost (amateur DsGl)
  3494 | D:4      | Reached skill level 1 in Short Blades
  3666 | D:4      | Found a bloodstained altar of Trog.
  3681 | D:4      | Found an ancient bone altar of Kikubaaqudgha.
  3886 | D:4      | Found a staircase to the Ecumenical Temple.
  3895 | Temple   | Entered the Ecumenical Temple
  3916 | Temple   | Became a worshipper of Sif Muna the Loreminder
  4297 | D:4      | Learned a level 3 spell: Conjure Flame
  4301 | D:4      | Learned a level 3 spell: Inner Flame
  4306 | D:4      | Learned a level 4 spell: Flame Wave
  4309 | D:4      | Learned a level 2 spell: Scorch
  4414 | D:4      | Killed paps's ghost
  4415 | D:4      | Reached skill level 5 in Fire Magic
  4518 | D:5      | Entered Level 5 of the Dungeon
  4749 | D:5      | Learned a level 3 spell: Stone Arrow
  4789 | D:5      | Reached XP level 7. HP: 37/37 MP: 8/17
  5061 | D:5      | Reached skill level 6 in Spellcasting
  5061 | D:5      | Reached skill level 1 in Earth Magic
  5061 | D:5      | Reached skill level 1 in Invocations
  5839 | D:6      | Reached XP level 8. HP: 42/42 MP: 14/19
  6029 | D:6      | Reached * piety under Sif Muna
  6030 | D:6      | Reached skill level 7 in Spellcasting
  6116 | D:6      | Noticed Eustachio
  6124 | D:6      | Killed Eustachio
  6129 | D:6      | Reached skill level 1 in Hexes
  6643 | D:6      | Reached skill level 1 in Fighting
  7219 | D:7      | Reached XP level 9. HP: 47/47 MP: 18/22
  7627 | D:7      | Reached skill level 8 in Spellcasting
  7627 | D:7      | Reached skill level 5 in Conjurations
  7642 | D:7      | Reached skill level 5 in Stealth
  7654 | D:7      | Reached ** piety under Sif Muna
  7655 | D:7      | Reached skill level 1 in Armour
  7660 | D:7      | Gained mutation: You have a pair of small horns on your
                  | head. [potion of mutation]
  7660 | D:7      | Gained mutation: You have hidden genetic defects. [potion
                  | of mutation]
  7660 | D:7      | Gained mutation: You are partially covered in iridescent
                  | scales. (AC +2) [potion of mutation]
  7660 | D:7      | Gained mutation: Your flesh is cold resistant. (rC+)
                  | [potion of mutation]
  7660 | D:7      | HP: 1/47 [centaur/puff of flame (5)]
  7661 | D:7      | Killed from afar by a centaur

Illustrated notes

Levels and vault maps discovered:
D:1:      lemuel_arrival_funnel, layout_rooms, chequers_ecumenical_altar_simple,
          minmay_misc_feat_five
D:2:      layout_loops_corners, basic_altar, ebering_dispersal_statue_hall,
          minmay_lizard_king, uniq_terence
D:3:      layout_basic, serial_shops, nicolae_shop_behind_doors, minivault_27,
          minmay_misc_feat_more_columns
D:4:      layout_basic, mainiacjoe_overflow_cross_hatched, kennysheep_mini,
          lemuel_temple_firewalk_b, hellmonk_ghost_happy_afterlife
D:5:      layout_basic
D:6:      layout_cave_pools, serial_column_ruins, column_ruins_hut,
          column_ruins_hut, column_ruins_grid_1, column_ruins_open_small,
          column_ruins_grid_3, column_ruins_columns_dead_end,
          chequers_serial_rivers_room_a, minivault_1, corexii_leaking_fountain,
          chequers_serial_rivers_small_b, chequers_serial_rivers_micro_b,
          uniq_eustachio
D:7:      minmay_the_grid_triangle_9x9_rhombus_thin
          [minmay_the_grid_triangle_9x9_longest,
          minmay_the_grid_triangle_9x9_prize_special,
          minmay_the_grid_triangle_9x9_from_above,
          minmay_the_grid_triangle_9x9_wacky_v], layout_loops_ring,
          okawaru_altar_gauntlet_db
Temple:   nicolae_temple_elliptical

Skill      XL: |  1  2  3  4  5  6  7  8  9 |
---------------+----------------------------+-----
Dodging        | 3 4 |  4.0
Fire Magic     | 4 5 6 7 |  7.9
Spellcasting   | 4 5 6 7 8 |  8.2
Conjurations   | 2 3 4 5 |  5.0
Stealth        | 3 4 5 |  5.0
Short Blades   | 1 |  1.7
Earth Magic    | 1 3 |  3.3
Invocations    | 1 3 |  3.8
Hexes          | 1 |  1.2
Fighting       | 1 |  1.0
Armour         | 1 |  1.3

Action                   |  1- 3 |  4- 6 |  7- 9 || total
-------------------------+-------+-------+-------++-------
Melee: Dagger            |     1 |    34 |     1 ||    36
       Spear             |       |       |     7 ||     7
 Cast: Foxfire           |    62 |   100 |   139 ||   301
       Conjure Flame     |       |     2 |       ||     2
       Inner Flame       |       |     1 |    11 ||    12
       Flame Wave        |       |       |     1 ||     1
  Use: Scroll            |       |     1 |       ||     1
       Potion            |       |       |     2 ||     2
 Stab: Sleeping          |     1 |     3 |     1 ||     5
       Distracted        |       |       |     1 ||     1
Armor: Robe              |     1 |     7 |     6 ||    14
       Leather armour    |       |       |     7 ||     7
Dodge: Dodged            |     2 |    38 |    40 ||    80

Table legend: (Time is in decaauts)
 A = Elapsed time spent in this place.
 B = Non-inter-level travel time spent in this place.
 C = Inter-level travel time spent in this place.
 D = Time resting spent in this place.
 E = Time spent auto-exploring this place.
 F = Levels seen in this place.
 G = Mean time per level.
                   A        B        C        D        E       F      G
               +--------+--------+--------+--------+--------+-----+--------+
         Total |   7662 |   7442 |    220 |    732 |   5055 |   8 |  957.8 |
       Dungeon |   7630 |   7410 |    220 |    732 |   5049 |   7 | 1090.0 |
        Temple |     32 |     32 |      0 |      0 |      6 |   1 |   32.0 |
               +--------+--------+--------+--------+--------+-----+--------+

Top non-repeatable levels by time:
     D:4: 1619 daAuts
     D:6: 1312 daAuts
     D:2: 1163 daAuts
     D:3: 1115 daAuts
     D:5: 1086 daAuts
     D:7: 700 daAuts
     D:1: 631 daAuts
  Temple: 32 daAuts
